AoeStats
← [B]Dr. Catanabico

Runestones

508458733Analyzed
1v1 RM · 10d ago on Sep 22, 2026· 16m 23s· 2 players
Game mode
Random Map
Map size
Tiny (2 player)
Population
200
Speed
Normal
Resources
Standard
Victory
Conquest
Starting age
Dark Age
Ending age
Imperial Age
RankedLock teamsTeams togetherTeam positionsShared explorationLock speedFull tech treeHidden civsTurbo modeCheats
Victory
Defeat
🇲🇽 Romans · Mexico
1165
+16
🇩🇪 Maya · Germany
1161
-16
XICOTERO96
6:59 Loom
9:54 Feudal Age
11:51 Double-Bit Axe
12:07 Fletching
12:18 Padded Archer Armor
13:59 Wheelbarrow
[B]Dr. Catanabico
7:05 Loom
9:53 Feudal Age
11:12 Double-Bit Axe
10:51 Man-at-Arms
11:53 Scale Mail Armor
12:49 Forging
13:30 Town Watch
Connection lost

Rejoining the realm…

Still unreachable

The connection could not be restored.

Session expired

The server has moved on; the page needs a fresh start.